 Dungeon Crawl Stone Soup version 0.28.0 (webtiles) character file.

Game seed: 17776847124520333628

799 crazypyro the Cleaver (level 7, -2/62 HPs)
             Began as a Minotaur Fighter on Feb 8, 2022.
             Slain by Harold (11 damage)
             ... on level 8 of the Dungeon.
             The game lasted 00:03:24 (4770 turns).

crazypyro the Cleaver (Minotaur Fighter)            Turns: 4770, Time: 00:03:25

Health: -2/62      AC: 10    Str: 23    XL:     7   Next: 59%
Magic:  6/6        EV:  8    Int:  5    God:
Gold:   230        SH:  9    Dex:  9    Spells: 6/6 levels left

rFire   . . .      SeeInvis .   o - +1 broad axe
rCold   . . .      Faith    .   p - +1 kite shield
rNeg    . . .      Spirit   .   b - +0 scale mail
rPois   .          Reflect  .   (helmet restricted)
rElec   .          Harm     .   (no cloak)
rCorr   .          Rampage  .   (no gloves)
Will    .....                   h - +2 pair of boots
Stlth   ..........              (no amulet)
HPRegen 0.20/turn               (no ring)
MPRegen 0.10/turn               (no ring)

@: marked
A: horns 2, retaliatory headbutt
a: no special abilities


You were on level 8 of the Dungeon.
You visited 1 branch of the dungeon, and saw 7 of its levels.

You collected 274 gold pieces.
You spent 44 gold pieces at shops.

Inventory:

Hand Weapons
 a - a +0 war axe
 o - a +1 broad axe (weapon)
Armour
 b - a +0 scale mail (worn)
 c - a +0 buckler
 h - a +2 pair of boots (worn)
 p - a +1 kite shield (worn)
Jewellery
 m - an amulet of the acrobat
Wands
 j - a wand of flame (41)
Scrolls
 e - 4 scrolls of teleportation
 f - 3 scrolls of immolation
 i - a scroll of identify
 l - a scroll of enchant weapon
Potions
 d - 2 potions of might
 g - 3 potions of curing
 k - a potion of lignification {unknown}
 n - a potion of cancellation {unknown}
 q - a potion of magic {unknown}
 r - a potion of heal wounds {unknown}


   Skills:
 + Level 5.9 Fighting
 * Level 8.8 Axes
 - Level 3.6 Armour
 - Level 2.0 Dodging
 - Level 4.2 Shields


You had 6 spell levels left.
You didn't know any spells.
Your spell library was empty.

Dungeon Overview and Level Annotations

Branches:
Dungeon (6/15)
 Temple: D:4-7

Altars:
Gozag

Shops:
D:1 (   D:4 (

Annotations:
D:4 3 runed translucent doors, hikkokomori's ghost, amateur HOFi
D:5 1 transporter, Sanktem7's ghost, novice GnIE
D:8 Harold


Innate Abilities, Weirdness & Mutations

You have a pair of horns on your head.
You reflexively headbutt those who attack you in melee.


Message History

Harold the Weathered comes into view.
He is wielding a +0 trident.
Harold is nearby!
Harold throws a throwing net.
The throwing net closely misses you.
You see here a throwing net.
Found 14 arrows.
Harold hits you but does no damage. Harold hits you with a +0 trident!
You barely miss Harold. You headbutt Harold!
Harold is lightly wounded.
Harold hits you with a +0 trident.
Harold says, "Let's make it quick, okay?
I've got mouths to feed."
You block Harold's attack.
You completely miss Harold. Your headbutt misses Harold.
Harold is lightly wounded.
Harold gestures at you while chanting. A sentinel's mark forms upon you.
You hit Harold.
Harold is moderately wounded.
You block Harold's attack.
You hit Harold. You headbutt Harold.
Harold is moderately wounded.
Harold hits you with a +0 trident!
You barely miss Harold.
Harold is moderately wounded.
Harold hits you but does no damage. Harold barely misses you.
You furiously retaliate!
You headbutt Harold. You slash Harold! You headbutt Harold!
Harold is severely wounded.
Harold hits you with a +0 trident.
You hit Harold.
Harold is severely wounded.
Harold hits you with a +0 trident!
You are too injured to fight recklessly!
You are too injured to fight recklessly!
You slash Harold!
Harold is almost dead.
Harold hits you with a +0 trident!!
* * * LOW HITPOINT WARNING * * *
Harold hits you with a +0 trident!
You die...

#. # . ... #.## .... # ..
..... # #.#### ... #. ...#
####.##############.##.#
##.# .............@...(..
...##...
.........(..@.......
........
........###########.
..#.#.## ........# #....#
........# ####### #...##
........#### #.....# #.....
######.....###.....# #..###
#####.##......# #....#
#########.##......# ###.(#
.......(..........#######..#


You could see Harold.

Vanquished Creatures
  A wyvern (D:8)
  A water moccasin (D:8)
  A centaur (D:5)
  A scorpion (D:5)
  A water moccasin zombie (D:5)
  2 hounds
  A centaur skeleton (D:6)
  2 orc priests (D:8)
  An iguana (D:4)
  A howler monkey zombie (D:5)
  7 adders
  An ufetubus (D:5)
  A worm (D:2)
  5 dart slugs
  8 orcs
  5 ball pythons
  4 bats
  5 endoplasms
  9 goblins
  4 hobgoblins
  7 jackals
  7 quokkas
  3 frilled lizards
  5 kobolds
  2 rats
85 creatures vanquished.

Notes
Turn   | Place    | Note
-------+----------+-------------------------------------------
     0 | D:1      | crazypyro the Minotaur Fighter began the quest for the Orb.
     0 | D:1      | Reached XP level 1. HP: 19/19 MP: 0/0
    23 | D:1      | Found a faded altar of an unknown god.
   153 | D:1      | Reached skill level 3 in Axes
   156 | D:1      | Reached XP level 2. HP: 24/26 MP: 1/1
   203 | D:1      | Reached skill level 1 in Dodging
   397 | D:1      | Found Boiwn's Weapon Boutique.
   414 | D:1      | Reached XP level 3. HP: 31/31 MP: 2/2
   605 | D:2      | Reached skill level 4 in Axes
  1300 | D:3      | Reached XP level 4. HP: 39/39 MP: 3/3
  1738 | D:3      | Reached skill level 5 in Axes
  2087 | D:4      | Reached XP level 5. HP: 40/45 MP: 4/4
  2208 | D:4      | Found Suzaonus's Weapon Shop.
  2267 | D:4      | Bought a +0 broad axe for 44 gold pieces
  2664 | D:4      | Found a runed translucent gate.
  2665 | D:4      | Found a runed translucent gate.
  2665 | D:4      | Found a runed translucent gate.
  2666 | D:4      | Found an opulent altar of Gozag.
  2666 | D:4      | Noticed hikkokomori's ghost (amateur HOFi)
  2890 | D:5      | Entered Level 5 of the Dungeon
  2935 | D:5      | Noticed a centaur
  2942 | D:5      | Killed a centaur
  2943 | D:5      | Reached skill level 6 in Axes
  2943 | D:5      | Reached XP level 6. HP: 35/52 MP: 5/5
  3284 | D:5      | Reached skill level 7 in Axes
  3881 | D:5      | Found a transporter.
  3882 | D:5      | Noticed Sanktem7's ghost (novice GnIE)
  4040 | D:6      | Reached skill level 5 in Fighting
  4040 | D:6      | You fall into a shaft and drop 2 floors!
  4163 | D:8      | Noticed a water moccasin
  4181 | D:8      | Killed a water moccasin
  4182 | D:8      | Reached skill level 8 in Axes
  4182 | D:8      | Reached XP level 7. HP: 19/61 MP: 6/6
  4450 | D:8      | Noticed a wyvern
  4460 | D:8      | Killed a wyvern
  4758 | D:8      | Noticed Harold
  4770 | D:8      | Slain by Harold

Illustrated notes

Levels and vault maps discovered:
D:1:      saegor_arrival_under_anarchy, layout_rooms, serial_shops,
          nicolae_shop_bloodbath_and_beyond,
          hellmonk_ecumenical_altar_leap_of_faith
D:2:      layout_basic
D:3:      minmay_octagon_keep, layout_basic
D:4:      layout_basic, ebering_ghost_gozag, serial_shops,
          nicolae_inconvenience_store
D:5:      layout_basic, gammafunk_ghost_smash
D:6:      layout_basic, trog_hazing_becter, gammafunk_ghost_split,
          serial_bayou_lake_a
D:8:      layout_basic, uniq_harold

Skill      XL: |  1  2  3  4  5  6 |
---------------+-------------------+-----
Axes           | 3 4 5 6 8 |  8.8
Dodging        | 1 2 |  2.0
Shields        | 4 |  4.2
Fighting       | 4 5 |  5.9
Armour         | |  3.6

Action                   |  1- 3 |  4- 6 |  7- 9 || total
-------------------------+-------+-------+-------++-------
Melee: War axe           |    81 |    57 |       ||   138
       Headbutt          |     8 |    10 |     5 ||    23
       Broad axe         |       |    39 |    31 ||    70
  Use: Scroll            |       |     8 |       ||     8
Armor: Scale mail        |    46 |    43 |     6 ||    95
Dodge: Dodged            |    39 |    53 |    13 ||   105
Block: Buckler           |    22 |    16 |       ||    38
       Kite shield       |       |    22 |    15 ||    37
